 Dungeon Crawl Stone Soup version 0.25.0-10-g039870ee82 (webtiles) character file.

Game seed: 9704815106194166012

51267 Peloso the Fencer (level 14, -1/127 HPs)
             Began as a Minotaur Fighter on June 22, 2020.
             Was the Champion of Okawaru.
             Slain by an orc warrior
             ... wielding a +0 long sword
              (3 damage)
             ... while paralysed by an orc sorcerer
             ... on level 2 of the Orcish Mines.
             The game lasted 00:48:37 (17555 turns).

Peloso the Fencer (Minotaur Fighter)               Turns: 17555, Time: 00:48:38

Health: -1/127     AC: 20    Str: 27    XL:     14   Next: 22%
Magic:  14/14      EV:  2    Int:  5    God:    Okawaru [******]
Gold:   1187       SH:  0    Dex: 29    Spells: 13/13 levels left

rFire    . . .     SeeInvis .   a - +5 double sword "Wounis" {freeze, *Noise +Inv Dex+9}
rCold    . . .     Gourm    .   c - +0 kite shield
rNeg     . . .     Faith    .   g - +4 plate armour
rPois    +         Spirit   .   (helmet restricted)
rElec    .         Reflect  .   Q - scarf {harm}
rCorr    .         Harm     .   (no gloves)
MR       +....                  (no boots)
Stlth    ..........             (no amulet)
HPRegen  0.31/turn              z - ring "Bievver" {rPois Str+3 Dex+2}
MPRegen  0.14/turn              n - +6 ring of dexterity

@: paralysed
A: retaliatory headbutt, horns 2
a: Heroism, Finesse, Renounce Religion, Evoke Invisibility


You were on level 2 of the Orcish Mines.
You worshipped Okawaru.
Okawaru was exalted by your worship.
You were not hungry.

You visited 4 branches of the dungeon, and saw 18 of its levels.

You collected 1386 gold pieces.
You spent 199 gold pieces at shops.

Inventory:

Hand Weapons
 a - the +5 double sword "Wounis" (weapon) {freeze, *Noise +Inv Dex+9}
   (Okawaru gifted it to you on level 2 of the Lair of Beasts)

   It has been specially enchanted to freeze those struck by it, causing extra
   injury to most foes and up to half again as much damage against particularly
   susceptible opponents.
   It can also slow down cold-blooded creatures.
   It affects your dexterity (+9).
   It lets you turn invisible.
   It may make noises in combat.
 b - the +1 scimitar "Kotroh" {flame, rF+ rC- Str+3}
   (Okawaru gifted it to you on level 11 of the Dungeon)

   It has been specially enchanted to burn those struck by it, causing extra
   injury to most foes and up to half again as much damage against particularly
   susceptible opponents.
   Big, fiery blades are also staple armaments of hydra-hunters.
   It affects your strength (+3).
   It protects you from fire.
   It makes you vulnerable to cold.
Armour
 c - a +0 kite shield (worn)
 g - a +4 plate armour (worn)
 h - +0 ice dragon scales
 Q - a scarf of harm (worn)
Jewellery
 n - a +6 ring of dexterity (right hand)
 p - an uncursed amulet of regeneration
 w - an uncursed ring of see invisible
 x - an uncursed ring of resist corrosion
 z - the ring "Bievver" (left hand) {rPois Str+3 Dex+2}
   (You bought it in a shop on level 8 of the Dungeon)

   [ring of poison resistance]

   It affects your strength (+3).
   It affects your dexterity (+2).
   It protects you from poison.
Wands
 X - a wand of digging (1)
Scrolls
 i - 10 scrolls of remove curse
 j - 4 scrolls of noise {unknown}
 k - 3 scrolls of identify
 l - 6 scrolls of teleportation {unknown}
 o - 3 scrolls of magic mapping
 v - 5 scrolls of blinking {unknown}
 B - 2 scrolls of fear
Potions
 d - 2 potions of might
 m - 2 potions of berserk rage
 t - 2 potions of heal wounds
 F - 2 potions of stabbing
 J - 4 potions of curing
 M - 2 potions of flight
Comestibles
 f - 31 rations


   Skills:
 + Level 12.7 Fighting
 + Level 16.1 Long Blades
 + Level 13.4 Armour
 + Level 2.5 Dodging
 + Level 0.9 Stealth
 + Level 15.8 Shields
 + Level 2.5 Invocations
 + Level 0.7 Evocations


You had 13 spell levels left.
You didn't know any spells.
Your spell library contained the following spells:

 Spells                   Type           Power        Failure   Level  Hunger
 Beastly Appendage        Tmut           #.....       98%         1    ##.....
 Corona                   Hex            #......      98%         1    ##.....
 Magic Dart               Conj           #...         98%         1    ##.....
 Blink                    Tloc           N/A          99%         2    ###....
 Call Imp                 Summ           #.......     99%         2    ###....
 Ensorcelled Hibernation  Hex/Ice        #.....       99%         2    ###....
 Poisonous Vapours        Pois/Air       #.....       99%         2    ###....
 Searing Ray              Conj           #.....       99%         2    ###....
 Slow                     Hex            #.......     99%         2    ###....
 Sticks to Snakes         Tmut           #.......     99%         2    ###....
 Confusing Touch          Hex            #.......     100%        3    ####...
 Conjure Flame            Conj/Fire      #.......     100%        3    ####...
 Dazzling Flash           Conj/Hex       #.....       100%        3    ####...
 Gell's Gravitas          Tloc           #.........   100%        3    ####...
 Mephitic Cloud           Conj/Pois/Air  #.......     100%        3    ####...
 Spider Form              Tmut/Pois      #.........   100%        3    ####...
 Tukima's Dance           Hex            #.......     100%        3    ####...
 Fulminant Prism          Conj/Hex       #.........   100%        4    #####..
 Ice Form                 Ice/Tmut       #.......     100%        4    #####..
 Iskenderun's Mystic Bla  Conj/Tloc      #.......     100%        4    #####..
 Petrify                  Tmut/Erth      #.......     100%        4    #####..
 Blade Hands              Tmut           #.........   100%        5    ######.
 Bolt of Magma            Conj/Fire/Erth #.........   100%        5    ######.
 Iskenderun's Battlesphe  Conj/Chrm      #.......     100%        5    ######.
 Metabolic Englaciation   Hex/Ice        #.........   100%        5    ######.
 Yara's Violent Unravell  Hex/Tmut       #.........   100%        5    ######.
 Freezing Cloud           Conj/Ice/Air   #.........   100%        6    #######
 Iron Shot                Conj/Erth      #.........   100%        6    #######
 Orb of Destruction       Conj           #.........   100%        7    #######
 Ring of Flames           Chrm/Fire      #.........   100%        7    #######
 Spellforged Servitor     Conj/Summ      #.........   100%        7    #######


Dungeon Overview and Level Annotations

Branches:
Dungeon (13/15)            Temple (1/1) D:4            Lair (2/6) D:11
    Orc (2/2) D:9             Elf (0/3) Orc:2        Vaults (0/5) D:13
  Swamp: Lair:2-4    Shoals: Lair:2-4     Snake: Lair:2-4    Spider: Lair:2-4

Altars:
Ashenzari
Cheibriados
Dithmenos
Elyvilon
Fedhas
Gozag
Hepliaklqana
Kikubaaqudgha
Makhleb
Nemelex Xobeh
Okawaru
Qazlal
Ru
Sif Muna
Trog
Uskayaw
Vehumet
Wu Jian
Xom
Yredelemnul
Zin
The Shining One
Beogh

Shops:
D:8 *   D:10 (   D:11 *(   Orc:2 !%

Annotations:
Orc:1 3 runed translucent doors, jujuben's ghost, journeyman HOGl


Innate Abilities, Weirdness & Mutations

You reflexively headbutt those who attack you in melee.
You have a pair of horns on your head.


Message History

The orc warrior hits you from afar with a +0 halberd.
Items here: )) [[ † a +2 battleaxe; a +0 chain mail; a +0 dagger; a +0 robe; an orc corpse Unknown command.
The orc priest mumbles some strange prayers to Beogh against you.
Beogh smites you! The orc warrior barely misses you.
The orc sorcerer casts a spell at you.
You suddenly lose the ability to move!
The orc warrior hits you with a +0 halberd.
The orc warrior hits you from afar with a +0 trident.
The orc knight hits you with a cursed -3 great mace!!!
* * * LOW HITPOINT WARNING * * *
The orc sorcerer hits you but does no damage.
The orc warrior completely misses you.
The orc warrior hits you but does no damage.
The orc knight hits you with a cursed -3 great mace.
* * * LOW HITPOINT WARNING * * *
The orc sorcerer hits you but does no damage.
The orc warrior hits you with a +0 long sword.
You die...

.......## ####..##
......##
##.###..## .....##
##...###..##
......#
##.#.#.###..##
...#.##
##...#...###..##
.#####
##..)###...###..##
.# ##..)##
##...###).# ##
##oo[## ##).......
### #oo@##
##...#... ..##
#.#o## ##)...#.
...## #..oo
##))).. ....#
#..... ##).#.
...#### ##....
##..... ....#.#
##.#. ##....#.
......# ##..
##...#... ......#
#. #........
...#.## #...###[.#


You could see an orc knight (strong), an orc sorcerer (strong), 3 orc warriors
and 2 orc priests.

Vanquished Creatures
  An orc warlord (Orc:2)
  A hydra (Lair:2)
  2 dancing weapons (D:13)
  7 two-headed ogres
  A queen ant (D:9)
  5 death yaks (Lair:2)
  An ogre mage (D:12)
  An orc high priest (Orc:2)
  2 fire crabs (shapeshifter) (D:13)
  3 unseen horrors
  2 orc knights (Orc:2)
  3 orc sorcerers (Orc:2)
  A manticore (D:11)
  2 cyclopes
  5 centaur zombies
  A gargoyle (D:13)
  A black mamba (Lair:1)
  4 spiny frogs
  3 kobold demonologists
  2 hellwings (D:8)
  7 trolls
  A hornet (D:11)
  6 slime creatures
  8 hippogriffs
  12 spriggans (Lair:2)
  3 shadows (D:13)
  A meliai zombie (D:8)
  A ynoxinul (Orc:2)
  4 hogs (D:7)
  A wyvern (D:10)
  14 yaks
  Eustachio (D:4)
  A human (D:7)
  4 hungry ghosts
  A vampire (D:11)
  2 chaos spawn (Orc:2)
  A neqoxec (Orc:2)
  4 wargs
  An acid dragon (D:12)
  20 soldier ants
  2 water moccasins (Lair:1)
  3 porcupines
  33 orc warriors
  A hornet zombie (D:11)
  2 ice beasts
  5 phantoms
  2 sky beasts
  15 ogres
  An eye of draining (D:11)
  8 centaurs
  4 wolves (Lair:2)
  5 crocodiles
  6 big kobolds
  8 bullfrogs
  2 wyvern skeletons
  2 scorpions
  57 killer bees
  5 howler monkeys
  3 electric eels (D:8)
  5 crimson imps
  A quasit (D:9)
  7 hounds
  20 orc wizards
  29 orc priests
  3 jellies
  5 centaur skeletons
  3 bullfrog skeletons
  Natasha (twice) (D:3)
  5 iguanas
  24 worker ants
  A howler monkey skeleton (D:5)
  2 worker ant zombies
  9 adders
  6 gnolls
  6 shadow imps
  2 oozes
  2 adder zombies
  3 worms
  2 dart slugs (D:1)
  5 leopard geckos
  86 orcs
  7 bats
  5 giant cockroaches
  7 goblins
  5 hobgoblins
  7 jackals
  5 quokkas
  A ball python (D:4)
  3 frilled lizards
  A giant cockroach zombie (D:5)
  A jackal skeleton (D:5)
  19 kobolds
  A quokka skeleton (D:4)
  3 rats
  A spectral orc (D:8)
599 creatures vanquished.

Vanquished Creatures (others)
  An orc wizard (D:12)
  An orc (D:8)
  A plant (Lair:2)
3 creatures vanquished.

Grand Total: 602 creatures vanquished

Notes
Turn   | Place    | Note
-------+----------+-------------------------------------------
     0 | D:1      | Peloso the Minotaur Fighter began the quest for the Orb.
     0 | D:1      | Reached XP level 1. HP: 19/19 MP: 0/0
   188 | D:1      | Reached XP level 2. HP: 26/27 MP: 1/1
   466 | D:1      | Reached XP level 3. HP: 33/33 MP: 2/2
  1275 | D:2      | Reached skill level 3 in Long Blades
  1287 | D:2      | Reached XP level 4. HP: 14/40 MP: 3/3
  1670 | D:2      | Found a stormy altar of Qazlal.
  2362 | D:3      | Found an ornate altar of the Wu Jian Council.
  2428 | D:3      | Noticed Natasha
  2437 | D:3      | Killed Natasha
  2614 | D:3      | Noticed Natasha
  2620 | D:3      | Killed Natasha
  2620 | D:3      | Reached skill level 4 in Long Blades
  2620 | D:3      | Reached XP level 5. HP: 46/46 MP: 4/4
  2642 | D:3      | Found a sparkling altar of Nemelex Xobeh.
  2742 | D:3      | Found a sacrificial altar of Ru.
  2744 | D:3      | Found a shimmering altar of Xom.
  2744 | D:3      | Found a shimmering altar of Xom.
  2747 | D:3      | Found a sparkling altar of Nemelex Xobeh.
  2747 | D:3      | Found a shadowy altar of Dithmenos.
  2747 | D:3      | Found a shimmering altar of Xom.
  2805 | D:4      | Noticed Eustachio
  2896 | D:4      | Killed Eustachio
  2896 | D:4      | Reached skill level 5 in Long Blades
  2896 | D:4      | Reached skill level 5 in Armour
  2896 | D:4      | Reached skill level 1 in Dodging
  2896 | D:4      | Reached skill level 5 in Shields
  2896 | D:4      | Reached XP level 6. HP: 34/53 MP: 5/5
  2939 | D:4      | Found a staircase to the Ecumenical Temple.
  2954 | Temple   | Entered the Ecumenical Temple
  3441 | D:4      | Found a bloodstained altar of Trog.
  3496 | D:4      | Reached skill level 6 in Long Blades
  3496 | D:4      | Reached XP level 7. HP: 40/60 MP: 6/6
  3980 | D:5      | Entered Level 5 of the Dungeon
  4209 | D:5      | Reached skill level 7 in Long Blades
  4272 | D:5      | Found a sacrificial altar of Ru.
  4332 | D:5      | Reached skill level 5 in Fighting
  4678 | D:5      | Reached XP level 8. HP: 62/68 MP: 7/7
  5181 | D:6      | Reached skill level 8 in Long Blades
  5333 | D:6      | Found an iron altar of Okawaru.
  5346 | D:6      | Became a worshipper of Warmaster Okawaru
  5507 | D:6      | Found an opulent altar of Gozag.
  5902 | D:7      | Reached skill level 9 in Long Blades
  6191 | D:7      | Reached XP level 9. HP: 75/75 MP: 8/8
  6259 | D:7      | Reached * piety under Okawaru
  6338 | D:7      | Reached skill level 10 in Long Blades
  6763 | D:8      | Reached ** piety under Okawaru
  6799 | D:8      | Noticed a hellwing
  6799 | D:8      | Noticed a hellwing
  6830 | D:8      | Killed a hellwing
  6842 | D:8      | Reached skill level 11 in Long Blades
  6842 | D:8      | Reached XP level 10. HP: 35/86 MP: 6/9
  6868 | D:8      | Reached *** piety under Okawaru
  6874 | D:8      | Reached skill level 10 in Shields
  7006 | D:8      | Noticed a two-headed ogre
  7011 | D:8      | Killed a two-headed ogre
  7011 | D:8      | Reached **** piety under Okawaru
  7011 | D:8      | Reached skill level 12 in Long Blades
  7077 | D:8      | Found Erahol's Assorted Antiques.
  7084 | D:8      | Bought a glittering bronze ring for 155 gold pieces
  7087 | D:8      | Identified the ring "Bievver" {rPois Str+3 Dex+2} (You
                  | bought it in a shop on level 8 of the Dungeon)
  7252 | D:8      | Found a white marble altar of Elyvilon.
  7651 | D:8      | Found a basalt altar of Yredelemnul.
  7771 | D:9      | Reached skill level 1 in Invocations
  7859 | D:9      | Found a staircase to the Orcish Mines.
  7877 | D:9      | Noticed a two-headed ogre
  7891 | D:9      | Killed a two-headed ogre
  7891 | D:9      | Received a gift from Okawaru
  7891 | D:9      | Reached skill level 10 in Armour
  7891 | D:9      | Reached XP level 11. HP: 87/94 MP: 11/11
  8240 | D:9      | Noticed a queen ant
  8262 | D:9      | Killed a queen ant
  8262 | D:9      | Reached ***** piety under Okawaru
  8394 | D:9      | Reached skill level 13 in Long Blades
  8748 | D:10     | Entered Level 10 of the Dungeon
  8793 | D:10     | Noticed a two-headed ogre
  8800 | D:10     | Killed a two-headed ogre
  8878 | D:10     | Noticed an unseen horror
  8895 | D:10     | Killed an unseen horror
  8950 | D:10     | Found Baarph's Antique Weapon Emporium.
  9522 | D:10     | Noticed a two-headed ogre
  9531 | D:10     | Killed a two-headed ogre
  9790 | D:11     | Reached ****** piety under Okawaru
  9798 | D:11     | Received a gift from Okawaru
  9813 | D:11     | Got a scorched scimitar {god gift}
  9814 | D:11     | Identified the +1 scimitar "Kotroh" {flame, rF+ rC- Str+3}
                  | (Okawaru gifted it to you on level 11 of the Dungeon)
  9853 | D:11     | Reached XP level 12. HP: 105/105 MP: 12/12
  9863 | D:11     | Found a staircase to the Lair.
  9884 | D:11     | Reached skill level 14 in Long Blades
 10018 | D:11     | Found Rippepak's Weapon Shoppe.
 10127 | D:11     | Found Pusuups's General Store.
 10133 | D:11     | Bought a scroll of identify for 22 gold pieces
 10133 | D:11     | Bought a scroll of identify for 22 gold pieces
 10434 | D:11     | Reached skill level 10 in Fighting
 10609 | D:11     | Got a jewelled dagger
 10612 | D:11     | Got a dazzling hand axe
 10996 | D:12     | Received a gift from Okawaru
 11642 | D:12     | Noticed an ogre mage
 11644 | D:12     | Noticed a two-headed ogre
 11644 | D:12     | Noticed a two-headed ogre
 11645 | D:12     | Noticed a two-headed ogre
 11664 | D:12     | Killed a two-headed ogre
 11669 | D:12     | Killed a two-headed ogre
 11678 | D:12     | Killed a two-headed ogre
 11685 | D:12     | Killed an ogre mage
 12412 | Lair:1   | Entered Level 1 of the Lair of Beasts
 13103 | Lair:1   | Reached XP level 13. HP: 49/116 MP: 13/13
 13604 | Lair:2   | Received a gift from Okawaru
 13811 | Lair:2   | Got an iridescent double sword {god gift}
 13812 | Lair:2   | Identified the +5 double sword "Wounis" {freeze, *Noise
                  | +Inv Dex+9} (Okawaru gifted it to you on level 2 of the
                  | Lair of Beasts)
 14563 | D:13     | Reached skill level 15 in Long Blades
 14588 | D:13     | Reached skill level 15 in Shields
 15287 | D:13     | Found a gate to the Vaults.
 15660 | D:13     | Identified the +11 hand axe of Skirmishing {vorpal, Str+5}
                  | (You found it on level 11 of the Dungeon)
 15663 | D:13     | Identified the +6 dagger of Annihilation {venom, Int+2}
                  | (You found it on level 11 of the Dungeon)
 15906 | Orc:1    | Entered Level 1 of the Orcish Mines
 15910 | Orc:1    | Found a runed translucent gate.
 15910 | Orc:1    | Found a runed translucent gate.
 15912 | Orc:1    | Noticed jujuben's ghost (journeyman HOGl)
 15921 | Orc:1    | Found a runed translucent gate.
 15922 | Orc:1    | Found the +7 pair of quick blades "Gyre" and "Gimble"
                  | {protect}
 15925 | Orc:1    | Found an iron altar of Okawaru.
 16002 | Orc:2    | Entered Level 2 of the Orcish Mines
 16013 | Orc:2    | Received a gift from Okawaru
 16040 | Orc:2    | Noticed an orc warlord
 16056 | Orc:2    | Killed an orc warlord
 16078 | Orc:2    | Reached XP level 14. HP: 83/127 MP: 14/14
 16355 | Orc:2    | Found a roughly hewn altar of Beogh.
 16455 | Orc:2    | Found Innior's Food Shop.
 16476 | Orc:2    | Found Qyotzuk's Distillery.
 17241 | Orc:2    | Found a staircase to the Elven Halls.
 17292 | Orc:2    | Reached skill level 16 in Long Blades
 17548 | Orc:2    | Received a gift from Okawaru
 17552 | Orc:2    | Paralysed by an orc sorcerer for 7 turns
 17553 | Orc:2    | HP: 4/127 [orc knight/cursed -3 great mace (38)]
 17555 | Orc:2    | Slain by an orc warrior

Illustrated notes

Levels and vault maps discovered:
D:1:      lightli_arrival_noodles, layout_loops_ring, serial_bayou_lagoon_b
D:2:      layout_basic, nicolae_qazlal_eye_of_the_storm, serial_park_tiny_2
D:3:      layout_loops_ring, lemuel_coloured_pillars_altar, marbit_many_paths,
          doesnt_xom_only_xom, uniq_natasha
D:4:      layout_basic, lemuel_crystal_altar, minmay_temple_entry_large_hall,
          first_ration, minivault_4, kennysheep_generic_room_14, uniq_eustachio
D:5:      layout_gridville, nicolae_ru_sacrificial_ziggurat
D:6:      layout_loops_ring, okawaru_trees_2, nicolae_gozag_seed_capital
D:7:      layout_basic, grunt_livestock
D:8:      cheibrodos_grave_circle, layout_basic,
          yredelemnul_forgotten_temple_becter, elyvilon_altar_5, serial_shops,
          shop
D:9:      layout_gridville, orc_0_dummy, minivault_29
D:10:     layout_grid_maze, serial_shops, kennysheep_mini_moat
D:11:     layout_gridville, erik_lair_orcish_takeover, serial_shops,
          nicolae_shop_trees, nicolae_shop_trees, minmay_the_grid_2x2
          [minmay_the_grid_diamond_grid, minmay_the_grid_minigrid_medium,
          minmay_the_grid_fan, minmay_the_grid_prize_trominoes]
D:12:     layout_gridville
D:13:     layout_long_grid, erik_vaults_1
Temple:   cyrus_circular_temple
Lair:1:   layout_regular_city, lemuel_old_faithful, grunt_megastairs_5
Lair:2:   wad_woods_minihive, layout_cave_shapes,
          chequers_serial_rivers_large_b, minivault_24
Orc:1:    layout_diamond_mine, gammafunk_ghost_fury_of_okawaru
Orc:2:    pf_orc_diabolical, layout_diamond_mine, basic_altar,
          nicolae_orc_tapped_out

Skill      XL: |  1  2  3  4  5  6  7  8  9 10 11 12 13 14 |
---------------+-------------------------------------------+-----
Armour         | 4 5 6 7 9 10 11 12 13 | 13.4
Shields        | 4 5 6 7 9 11 12 13 15 | 15.8
Fighting       | 4 5 7 8 9 11 12 | 12.7
Long Blades    | 3 4 5 6 7 9 11 12 13 14 15 16 | 16.1
Dodging        | 1 2 |  2.5
Invocations    | 1 2 |  2.5
Stealth        | |  0.9
Evocations     | |  0.7

Action                   |  1- 3 |  4- 6 |  7- 9 | 10-12 | 13-15 || total
-------------------------+-------+-------+-------+-------+-------++-------
Melee: Long sword        |    83 |   147 |   343 |   465 |       ||  1038
       Headbutt          |     6 |    33 |    96 |   285 |   157 ||   577
       Scimitar          |       |       |       |   271 |   103 ||   374
       Double sword      |       |       |       |       |   374 ||   374
Invok: Heroism           |       |       |     2 |     4 |     5 ||    11
       Finesse           |       |       |       |       |     1 ||     1
Evoke: Wand              |       |       |     2 |     2 |     3 ||     7
  Use: Potion            |     2 |       |       |     4 |       ||     6
       Scroll            |       |       |     9 |     4 |     7 ||    20
  Eat: Chunk             |     1 |     4 |    13 |    18 |    16 ||    52
       Ration            |       |     1 |       |     1 |       ||     2
Armor: Scale mail        |    43 |     2 |       |       |       ||    45
       Chain mail        |       |    59 |       |       |       ||    59
       Plate armour      |       |       |   144 |   404 |   161 ||   709
Dodge: Dodged            |    22 |    40 |   100 |   226 |   168 ||   556
Block: Kite shield       |    56 |    66 |   212 |   530 |   484 ||  1348
       Rpst.: Long sword |     5 |    10 |    24 |    30 |       ||    69
       Scimitar          |       |       |       |    22 |     7 ||    29
       Double sword      |       |       |       |       |    30 ||    30
